 Dungeon Crawl Stone Soup version 0.27.1-1-g398f81649c (webtiles) character file.

Game seed: 3192846900094383691

159 ZARRMARR the Sneak (level 5, -3/34 HPs)
             Began as an Octopode Brigand on Sept 8, 2021.
             Slain by an iguana (14 damage)
             ... on level 3 of the Dungeon.
             The game lasted 00:07:48 (2172 turns).

ZARRMARR the Sneak (Octopode Brigand)               Turns: 2172, Time: 00:07:49

Health: -3/34      AC:  1    Str: 11    XL:     5   Next: 40%
Magic:  5/5        EV: 12    Int: 14    God:
Gold:   88         SH:  0    Dex: 13    Spells: 4/4 levels left

rFire    . . .     SeeInvis .   g - +2 dagger (venom)
rCold    . . .     Faith    .   (no shield)
rNeg     . . .     Spirit   .   (helmet restricted)
rPois    .         Reflect  .   (no amulet)
rElec    .         Harm     .   (no ring)
rCorr    .         Rampage  .   (no ring)
Will     .....                  (no ring)
Stlth    ++++......             (no ring)
HPRegen  0.11/turn              (no ring)
MPRegen  0.09/turn              (no ring)
                                (no ring)
                                (no ring)

@: no status effects
A: almost no armour, amphibious, 8 rings, camouflage 1, gelatinous body 1,
(nimble swimmer 1), tentacles
a: no special abilities


You were on level 3 of the Dungeon.
You visited 1 branch of the dungeon, and saw 3 of its levels.

You collected 88 gold pieces.

Inventory:

Hand Weapons
 a - a +2 dagger
 g - a +2 dagger of venom (weapon)
Missiles
 b - 8 poisoned darts (quivered)
 c - 2 curare-tipped darts
Jewellery
 h - a ring of ice
Scrolls
 e - a scroll of amnesia
 f - a scroll of fear
 i - a scroll of blinking
 j - a scroll of enchant armour {unknown}
Potions
 d - a potion of lignification {unknown}
 k - a potion of berserk rage {unknown}


   Skills:
 - Level 2.0 Fighting
 * Level 4.6 Short Blades
 - Level 2.0 Throwing
 - Level 1.0 Dodging
 + Level 6.7 Stealth


You had 4 spell levels left.
You didn't know any spells.
Your spell library contained the following spells:

 Spells                   Type           Power      Damage    Failure   Level
 Ensorcelled Hibernation  Hex/Ice        0%         N/A       41%         2
 Spider Form              Tmut/Pois      0%         N/A       65%         3
 Shadow Creatures         Summ           N/A        N/A       100%        6


Dungeon Overview and Level Annotations

Branches:
Dungeon (3/15)

Altars:
Yredelemnul


Innate Abilities, Weirdness & Mutations

You cannot wear most types of armour.
You are amphibious.
You can wear up to eight rings at the same time.
Your skin changes colour to match your surroundings (Stealth+).
Your rubbery body absorbs attacks. (AC +1, EV +1)
((You are camouflaged near water. (Stealth+)))
You have tentacles for arms and can constrict up to eight enemies at once.


Message History

The water moccasin zombie barely misses you.
You hit the water moccasin zombie.
You destroy the water moccasin zombie!
You have reached level 5!
You feel stronger.
A hound zombie comes into view.
Found a basalt altar of Yredelemnul.
The helpless hound zombie fails to defend itself.
You stick the hound zombie like a pincushion!!!
You destroy the hound zombie!
Found 5 gold pieces.
An iguana and an endoplasm come into view.
You hear the slow rusting of a drain nearby.
The iguana hisses angrily.
The helpless endoplasm fails to defend itself.
You skewer the endoplasm like a kebab!!!
You kill the endoplasm!
Found a scroll labelled VISHREG OJAILUX.
The iguana closely misses you.
You barely miss the iguana. Your grab misses the iguana.
You closely miss the iguana. You grab the iguana. You constrict the iguana.
The iguana bites you!
You barely miss the iguana.
The iguana is lightly wounded.
You constrict the iguana, but do no damage.
The iguana closely misses you.
You hit the iguana.
The iguana is poisoned.
The iguana is moderately wounded.
You constrict the iguana, but do no damage.
The iguana bites you.
You hit the iguana but do no damage.
The iguana is moderately wounded.
You constrict the iguana, but do no damage.
You hit the iguana but do no damage.
The iguana looks as sick as possible!
The iguana is moderately wounded.
You constrict the iguana. The iguana misses you.
You hit the iguana but do no damage.
The iguana is heavily wounded.
You constrict the iguana. The iguana bites you!
You die...

.<.#########.####........####
..## #######..............._#
#.# ........####........####
#.# ######..# #........# #.#
#..# ########## ...
#..####...### #.#
####..##.......# #.#
#............#.#
#.#####..@l....# # #.##.....#
#.$ ......# #.##.?....# #.#
#...... ..# #..... ... ..#.#
## ....#


You could see an iguana (extremely poisoned).

Vanquished Creatures
  A water moccasin zombie (D:3)
  A hound zombie (D:3)
  4 adders (D:2)
  A worm (D:2)
  2 dart slugs (D:1)
  3 ball pythons
  4 endoplasms
  5 giant cockroaches
  4 goblins
  2 hobgoblins (D:1)
  2 jackals (D:2)
  6 kobolds
  4 quokkas
  3 bats
  3 frilled lizards
  5 rats (D:1)
50 creatures vanquished.

Notes
Turn   | Place    | Note
-------+----------+-------------------------------------------
     0 | D:1      | ZARRMARR the Octopode Brigand began the quest for the Orb.
     0 | D:1      | Reached XP level 1. HP: 14/14 MP: 1/1
   102 | D:1      | Reached XP level 2. HP: 19/19 MP: 2/2
   216 | D:1      | Found a faded altar of an unknown god.
   253 | D:1      | Reached XP level 3. HP: 24/24 MP: 3/3
   860 | D:2      | Reached skill level 6 in Stealth
  1206 | D:2      | Reached XP level 4. HP: 18/29 MP: 4/4
  2133 | D:3      | Reached XP level 5. HP: 24/34 MP: 5/5
  2137 | D:3      | Found a basalt altar of Yredelemnul.
  2172 | D:3      | Slain by an iguana

Illustrated notes

Levels and vault maps discovered:
D:1:      wheals_arrival_linesprint, layout_loops_ring, basic_ecumenical_altar
D:2:      layout_basic, lemuel_flame_loot_1
D:3:      layout_loops_ring, lemuel_zombie_altar_yredelemnul,
          portal_sewer_entry_a, minmay_quantized

Skill      XL: |  1  2  3  4 |
---------------+-------------+-----
Short Blades   | 3 4 |  4.6
Stealth        | 6 |  6.7
Fighting       | |  2.0
Throwing       | |  2.0
Dodging        | |  1.0

Action                   |  1- 3 |  4- 6 || total
-------------------------+-------+-------++-------
Melee: Dagger            |    49 |    38 ||    87
       Tentacles         |     8 |     4 ||    12
       Constrict         |    10 |     6 ||    16
  Use: Scroll            |     3 |       ||     3
 Stab: Sleeping          |    19 |    10 ||    29
Armor: Skin              |     1 |     3 ||     4
Dodge: Dodged            |    14 |     9 ||    23
